 Dungeon Crawl Stone Soup version 0.29.1-debian-1-gc3f1650bb9 (webtiles) character file.

Game seed: 1296822896582584075

95 ytrimaz the Trooper (level 4, -4/37 HPs)
             Began as a Demonspawn Gladiator on Sept 12, 2022.
             Slain by a wyvern (6 damage)
             ... on level 4 of the Dungeon.
             The game lasted 00:02:23 (2287 turns).

ytrimaz the Trooper (Demonspawn Gladiator)          Turns: 2287, Time: 00:02:23

Health: -4/37      AC:  9    Str: 16    XL:     4   Next: 39%
Magic:  4/4        EV: 16    Int: 10    God:
Gold:   80         SH:  0    Dex: 14    Spells: 3/3 levels left

rFire   . . .      SeeInvis .   a - +0 war axe (freeze)
rCold   . . .      Faith    .   (no shield)
rNeg    . . .      Spirit   .   p - +0 ring mail
rPois   +          Reflect  .   c - +0 helmet
rElec   .          Harm     .   (no cloak)
rCorr   .          Rampage  .   o - +0 pair of gloves
Will    .....                   (no boots)
Stlth   +.........              h - amulet of regeneration
HPRegen 0.92/turn               j - ring of poison resistance
MPRegen 0.09/turn               (no ring)

@: agile, hasted, very quick
A: yellow scales 1, powered by pain 1
a: no special abilities


You were on level 4 of the Dungeon.
You visited 1 branch of the dungeon, and saw 4 of its levels.

You collected 80 gold pieces.


Innate Abilities, Weirdness & Mutations

You are partially covered in yellow scales. (AC +2)
You sometimes gain a little power by taking damage.


   Skills:
 * Level 4.0 Fighting
 + Level 3.4 Axes
 - Level 1.7 Throwing
 - Level 2.6 Dodging


You had 3 spell levels left.
You didn't know any spells.
Your spell library was empty.

Inventory:

Hand Weapons
 a - a +0 war axe of freezing (weapon)
Missiles
 d - 3 throwing nets (quivered)
 e - a javelin
Armour
 c - a +0 helmet (worn)
 o - a +0 pair of gloves (worn)
   (You found it on level 2 of the Dungeon)
 p - a +0 ring mail (worn)
   (You found it on level 2 of the Dungeon)
Jewellery
 b - a ring of fire
   (You found it on level 3 of the Dungeon)
 h - an amulet of regeneration (around neck)
   (You found it on level 2 of the Dungeon)
 j - a ring of poison resistance (left hand)
   (You found it on level 2 of the Dungeon)
Wands
 r - a wand of flame (16)
   (You found it on level 2 of the Dungeon)
Scrolls
 q - a scroll of teleportation
Potions
 f - a potion of magic {unknown}
 g - a potion of haste
 i - a potion of invisibility {unknown}
 k - 3 potions of curing {unknown}
 l - a potion of might {unknown}
 m - 2 potions of heal wounds {unknown}
 n - a potion of attraction {unknown}
 s - a potion of degeneration {unknown}
 t - a potion of berserk rage {unknown}

Dungeon Overview and Level Annotations

Branches:
Dungeon (4/15) Zot: 21663
 Temple: D:4-7

Altars:
Hepliaklqana
Nemelex Xobeh
Xom

##### #.#.###
##[#.#..
#.<..#.#
##...#.#########
#.#.#.#........
##.###.#l#
#......@.#
######.### #.#
#.# #.# #.# #.#
#.#


You could see a wyvern.


Message History

Your hp is fully restored (37).
An endoplasm comes into view.
The endoplasm quivers.
An endoplasm is nearby!
An endoplasm is nearby!
You hit the endoplasm. You freeze the endoplasm.
You kill the endoplasm!
You open the door.
There is an open door here.
You now have 80 gold pieces (gained 16).
A giant cockroach comes into view.
The giant cockroach barely misses you.
A giant cockroach is nearby!
A giant cockroach is nearby!
You completely miss the giant cockroach.
The giant cockroach misses you.
The giant cockroach completely misses you.
A giant cockroach is nearby!
You hit the giant cockroach. You freeze the giant cockroach.
You kill the giant cockroach!
Key pressed, stopping explore.
No target in view!
No target in view!
Found a stone staircase leading up.
A hobgoblin comes into view.
The hobgoblin shouts!
The hobgoblin barely misses you.
A hobgoblin is nearby!
You slash the hobgoblin! You freeze the hobgoblin.
You kill the hobgoblin!
Key pressed, stopping explore.
No target in view!
Key pressed, stopping explore.
No target in view!
There is an open door here.
Key pressed, stopping explore.
No target in view!
There is an open door here.
Key pressed, stopping explore.
There is an open door here.
Key pressed, stopping explore.
No target in view!
Key pressed, stopping explore.
No target in view!
You open the door.
Done exploring.
Done exploring.
No target in view!
No target in view!
Done exploring.
No target in view!
Done exploring.
Done exploring.
No target in view!
Done exploring.
No target in view!
Okay, then.
There is a stone staircase leading down here.
You climb downwards.
There is a stone staircase leading up here.
A wyvern comes into view.
A wyvern is nearby!
A wyvern is nearby!
The wyvern bites you but does no damage. x2
You hit the wyvern. You freeze the wyvern. The wyvern bites you! 😕 HP[-8]
You take 8 damage, and now have 29/37 hp.
MASSIVE DAMAGE!! (PAUSE)
You closely miss the wyvern. The wyvern closely misses you.
The wyvern bites you! 😮 HP[-7]
You take 7 damage, and now have 22/37 hp.
You hit the wyvern. You freeze the wyvern.
The wyvern bites you but does no damage.
The wyvern closely misses you. 😮 HP[+1] Unknown command.
You hit the wyvern but do no damage. The wyvern closely misses you.
The wyvern bites you. 😮 HP[-4]
You take 4 damage, and now have 19/37 hp.
You hit the wyvern. You freeze the wyvern. The wyvern barely misses you.
The wyvern misses you. The wyvern bites you.
* * * LOW HITPOINT WARNING * * *
😨 HP[-3]
You take 3 damage, and now have 16/37 hp.
Unknown command.
You closely miss the wyvern. The wyvern bites you.
* * * LOW HITPOINT WARNING * * *
The wyvern bites you!
* * * LOW HITPOINT WARNING * * *
You focus on the pain.
You feel agile all of a sudden. 😱 HP[-15]
You take 15 damage, and now have 1/37 hp.
MASSIVE DAMAGE!! (PAUSE)
Okay, then.
Okay, then.
It was a potion of haste.
You feel yourself speed up. The wyvern bites you.
You die...

Skill      XL: |  1  2  3  4 |
---------------+-------------+-----
Axes           | 3 |  3.4
Fighting       | 3 4 |  4.0
Throwing       | |  1.7
Dodging        | |  2.6

Action                   |  1- 3 |  4- 6 || total
-------------------------+-------+-------++-------
Melee: War axe           |   108 |    35 ||   143
  Use: Scroll            |     3 |     2 ||     5
       Potion            |       |     1 ||     1
 Stab: Sleeping          |     3 |       ||     3
Armor: Leather armour    |    46 |       ||    46
       Ring mail         |     4 |    13 ||    17
Dodge: Dodged            |    78 |    25 ||   103

Levels and vault maps discovered:
D:1:      ncdulo_smallfort, layout_loops_cross, minmay_octomino_c4
D:2:      layout_basic
D:3:      layout_basic, regret_index_temple_of_mockery, nemelex_altar_shiori,
          minmay_liquid_box
D:4:      layout_basic

Notes
Turn   | Place    | Note
-------+----------+-------------------------------------------
     0 | D:1      | ytrimaz the Demonspawn Gladiator began the quest for the
                  | Orb.
     0 | D:1      | Reached XP level 1. HP: 16/16 MP: 1/1
     0 | D:1      | magus.rc [v1.9.6]
   125 | D:1      | Gained mutation: You sometimes gain a little power by
                  | taking damage. [demonic ancestry]
   125 | D:1      | Reached XP level 2. HP: 22/23 MP: 2/2
   154 | D:1      | HP: 5/23 [hobgoblin (4)]
   457 | D:1      | Reached skill level 3 in Axes
   580 | D:1      | Reached skill level 3 in Fighting
   687 | D:1      | Gained mutation: You are partially covered in yellow
                  | scales. (AC +2) [demonic ancestry]
   687 | D:1      | Reached XP level 3. HP: 27/29 MP: 3/3
  1461 | D:2      | Reached XP level 4. HP: 37/37 MP: 4/4
  1726 | D:3      | Found a sparkling altar of Nemelex Xobeh.
  1966 | D:3      | Reached skill level 4 in Fighting
  2000 | D:3      | Found a hazy altar of Hepliaklqana.
  2001 | D:3      | Found a shimmering altar of Xom.
  2002 | D:3      | Noticed a spectral ugly thing
  2278 | D:4      | Noticed a wyvern
  2285 | D:4      | HP: 1/37 [wyvern (14)]
  2287 | D:4      | Slain by a wyvern

Vanquished Creatures
  2 adders (D:2)
  A worm (D:3)
  4 dart slugs
  An orc (D:3)
  6 ball pythons
  9 endoplasms
  3 giant cockroaches
  8 goblins
  8 hobgoblins
  A quokka (D:1)
  9 bats
  2 frilled lizards
  A kobold (D:2)
  6 rats
61 creatures vanquished.

Table legend:
 A = Non-vault XP
 B = Vault XP
 C = Vault XP percentage of total XP
 D = Non-vault monster count
 E = Vault monster count
 F = Vault count percentage of total count
                 A         B        C        D         E       F
            +---------+---------+-------+---------+---------+-------
      Total |     125 |      11 |   8.1 |      55 |       6 |   9.8
            +---------+---------+-------+---------+---------+-------
        D:1 |      38 |      11 |  22.4 |      21 |       6 |  22.2
        D:2 |      59 |       0 |   0.0 |      22 |       0 |   0.0
        D:3 |      28 |       0 |   0.0 |      12 |       0 |   0.0
            +---------+---------+-------+---------+---------+-------

Illustrated notes

Table legend:
 A = Kills in this place as a percentage of kills in entire the game.
 B = Kills by you in this place as a percentage of kills by you in the entire game.
 C = Kills by friends in this place as a percentage of kills by friends in the entire game.
 D = Other kills in this place as a percentage of other kills in the entire game.
 E = Experience gained in this place as a percentage of experience gained in the entire game.
 F = Experience gained in this place divided by the number of levels of this place that you have seen.
                   A       B       C       D       E      F
               +-------+-------+-------+-------+-------+----------------------
         Total | 100.0 | 100.0 |   N/A |   N/A | 100.0 |  34.0
       Dungeon | 100.0 | 100.0 |   N/A |   N/A | 100.0 |  34.0
               +-------+-------+-------+-------+-------+----------------------

Table legend: (Time is in decaauts)
 A = Elapsed time spent in this place.
 B = Non-inter-level travel time spent in this place.
 C = Inter-level travel time spent in this place.
 D = Time resting spent in this place.
 E = Time spent auto-exploring this place.
 F = Levels seen in this place.
 G = Mean time per level.
                   A        B        C        D        E       F      G
               +--------+--------+--------+--------+--------+-----+--------+
         Total |   2335 |   2302 |     33 |      0 |   1815 |   4 |  583.8 |
       Dungeon |   2335 |   2302 |     33 |      0 |   1815 |   4 |  583.8 |
               +--------+--------+--------+--------+--------+-----+--------+

Top non-repeatable levels by time:
     D:1: 994 daAuts
     D:2: 696 daAuts
     D:3: 625 daAuts
     D:4: 19 daAuts
